 Dungeon Crawl Stone Soup version 0.20-a0-909-g1a4ba80 (webtiles) character file.

51 Hook the Digger (level 3, 0/20 HPs)
             Began as a Gargoyle Earth Elementalist on Mar 22, 2017.
             Slain by a worm (3 damage)
             ... on level 2 of the Dungeon.
             The game lasted 00:04:44 (1653 turns).

Hook the Digger (Gargoyle Earth Elementalist)       Turns: 1653, Time: 00:04:45

Health: 0/20       AC:  6    Str: 11    XL:     3   Next: 81%
Magic:  1/7        EV: 12    Int: 16    God:
Gold:   24         SH:  0    Dex: 10    Spells: 4/7 levels left

rFire    . . .     SeeInvis .   a - -1 club (curse)
rCold    . . .     Gourm    .   c - +0 robe
rNeg     + . .     Faith    .   (no shield)
rPois    ∞         Spirit   .   h - +0 helmet (curse)
rElec    +         Reflect  .   (no cloak)
rCorr    .         Harm     .   (no gloves)
MR       .....                  (no boots)
Stlth    ++........             (no amulet)
Regen    0.1/turn               (no ring)
MPRegen  0.1/turn               (no ring)

@: no status effects
A: negative energy resistance 1, electricity resistance, unbreathing,
petrification resistance, rot immunity, AC +3
a: no special abilities


You were on level 2 of the Dungeon.
You were not hungry.

You visited 1 branch of the dungeon, and saw 2 of its levels.

You collected 24 gold pieces.

Inventory:

Hand Weapons
 a - a cursed -1 club (weapon)
 f - a +0 short sword
 i - a cursed -3 whip
Missiles
 b - 42 stones (quivered)
Armour
 c - a +0 robe (worn)
 h - a cursed +0 helmet (worn)
Scrolls
 l - a scroll of remove curse {unknown}
Potions
 j - 2 potions of flight {unknown}
 k - a potion of invisibility {unknown}
Books
 e - a book of Geomancy

   Spells                             Type                      Level
   a - Sandblast                      Earth                        1
   b - Passwall                       Transmutation/Earth          2
   c - Stone Arrow                    Conjuration/Earth            3
   d - Petrify                        Transmutation/Earth          4
   e - Lee's Rapid Deconstruction     Earth                        5
Comestibles
 d - a bread ration
 g - a meat ration


   Skills:
 + Level 0.9 Fighting
 + Level 0.4 Armour
 + Level 1.9 Dodging
 + Level 2.6 Stealth
 * Level 2.6 Spellcasting
 - Level 0.7 Transmutations
 + Level 4.1 Earth Magic


You had 4 spell levels left.
You knew the following spells:

 Your Spells              Type           Power        Failure   Level  Hunger
a - Sandblast             Erth           ###...       4%          1    #......
b - Passwall              Tmut/Erth      #.........   12%         2    ##.....


Dungeon Overview and Level Annotations

Branches:
Dungeon (2/15)

Altars:
Ashenzari


Innate Abilities, Weirdness & Mutations

You are resistant to torment.
Your stone body is resilient. (AC +3)
You are immune to poison.
You resist negative energy. (rN+)
You are resistant to electric shocks. (rElec)
You can survive without breathing.
You are immune to petrification.
You are immune to rotting.


Message History

The blast of sand hits the worm.
The worm is lightly wounded.
b - 43 stones
Casting: Sandblast
Confirm with . or Enter, or press ? or * to list all spells.
Aiming: Sandblast
Press: ? - help, Shift-Dir - straight line, f/p - worm
Aim: a worm (lightly wounded)
The blast of sand hits the worm.
The worm is moderately wounded.
b - 42 stones The worm bites you.
You hit the worm.
The worm is moderately wounded.
The worm bites you.
* * * LOW HITPOINT WARNING * * *
You hit the worm but do no damage.
The worm is moderately wounded.
The worm bites you.
You die...

######.#####...#....#
######.#####...####.#
............... #.#
.####..############.##
.# ##...............#
.. ##############..#
#..# ##########..##
##.....w@###..#
...######..#######
#### ...wg).)..##
..w########


You could see a worm.

Vanquished Creatures
  An adder (D:2)
  A worm (D:2)
  2 dart slugs
  2 leopard geckos (D:1)
  8 goblins
  5 hobgoblins
  3 kobolds
  4 bats
  A frilled lizard (D:2)
  2 rats
29 creatures vanquished.

Notes
Turn   | Place    | Note
-------+----------+-------------------------------------------
     0 | D:1      | Hook the Gargoyle Earth Elementalist began the quest for the Orb.
     0 | D:1      | Reached XP level 1. HP: 10/10 MP: 3/3
   271 | D:1      | Reached XP level 2. HP: 9/16 MP: 1/5
   808 | D:1      | Learned a level 2 spell: Passwall
  1059 | D:1      | Reached XP level 3. HP: 20/20 MP: 4/6
  1288 | D:2      | Reached skill level 4 in Earth Magic
  1357 | D:2      | Found a shattered altar of Ashenzari.
  1653 | D:2      | Slain by a worm

Vault maps used:
D:1:      lightli_arrival_quake
D:2:      nicolae_overflow_crystal_walls, lemuel_round_altar, first_bread,
          uniq_robin

Skill      XL: |  1  2  3 |
---------------+----------+-----
Earth Magic    | 4 |  4.1
Fighting       | |  0.9
Armour         | |  0.4
Dodging        | |  1.9
Stealth        | |  2.6
Spellcasting   | |  2.6
Transmutations | |  0.7

Action                   || total
-------------------------++-------
Melee: Unarmed           ||    21
       Club              ||    57
 Cast: Sandblast         ||    31
  Use: Scroll            ||     1
  Eat: Chunk             ||     1
       Royal jelly       ||     1
Armor: Robe              ||    30
Dodge: Dodged            ||    64
